 Dungeon Crawl Stone Soup version 0.17.0-28-g6e173f8 (webtiles) character file.

90 GeneralIdiocy the Grave Robber (level 4, -1/32 HPs)
             Began as a Demonspawn Necromancer on Dec 2, 2015.
             Was a Believer of Cheibriados.
             Killed from afar by an orc wizard (6 damage)
             ... with a magic dart
             ... on level 3 of the Dungeon.
             The game lasted 00:04:43 (2718 turns).

GeneralIdiocy the Grave Robber (DsNe)               Turns: 2718, Time: 00:04:43

Health: -1/32      AC:  3    Str: 13    XL:     4   Next: 32%
Magic:  0/7        EV:  9    Int: 20    God:    Cheibriados [**....]
Gold:   91         SH:  0    Dex: 18    Spells: 1 memorised, 6 levels left

rFire  . . .     SeeInvis .       - Unarmed
rCold  . . .     Clarity  .     h - +0 scale mail (curse)
rNeg   . . .     SustAt   .     (no shield)
rPois  .         Gourm    .     (no helmet)
rElec  .         Spirit   +     (no cloak)
rCorr  .         Warding  .     (no gloves)
rMut   .         Stasis   .     (no boots)
MR     +....                    (no amulet)
Stlth  ..........               (no ring)
                                d - ring of loudness (curse)

@: lethally poisoned (-1 -> -2), very slow, somewhat resistant to hostile
enchantments, extremely unstealthy
A: claws 2, blurry vision 1, deformed body, magic resistance 1, magic shield
a: Bend Time, Renounce Religion


You were on level 3 of the Dungeon.
You worshipped Cheibriados.
Cheibriados was pleased with you.
You were hungry.

You visited 1 branch of the dungeon, and saw 3 of its levels.

You collected 91 gold pieces.

Inventory:

Armour
 a - a +0 robe
 f - a +0 leather armour
 h - a cursed +0 scale mail (worn)
Jewellery
 d - a cursed ring of loudness (left claw)
 m - an uncursed ring of ice {unknown}
Scrolls
 e - a scroll of magic mapping
 i - 2 scrolls of recharging
Potions
 g - a potion of brilliance {unknown}
 k - a potion of cancellation
Books
 b - a book of Necromancy

   Spells                             Type                      Level
   a - Pain                           Necromancy                   1
   b - Animate Skeleton               Necromancy                   1
   c - Vampiric Draining              Necromancy                   3
   d - Regeneration                   Charms/Necromancy            3
   e - Animate Dead                   Necromancy                   4
   f - Control Undead                 Necromancy                   4
Comestibles
 c - a bread ration
 j - 2 beef jerkies
 l - 2 meat rations


   Skills:
 + Level 1.6 Fighting
 - Level 1.7 Dodging
 - Level 1.7 Stealth
 * Level 1.1 Unarmed Combat
 + Level 2.3 Spellcasting
 + Level 5.4 Necromancy


You had 6 spell levels left.
You knew the following spells:

 Your Spells              Type           Power        Failure   Level  Hunger
a - Pain                  Necr           ###.         10%         1    #......


Dungeon Overview and Level Annotations

Branches:
Dungeon (3/15)

Altars:
Cheibriados


Innate Abilities, Weirdness & Mutations

You have very sharp fingernails.
When hurt, damage is shared between your health and your magic reserves.
Scrolls take you a little longer to read.
Armour fits poorly on your strangely shaped body.
You are resistant to hostile enchantments.


Message History

Cheibriados thoroughly appreciates the change of pace.
Cheibriados raises the support of your attributes as your movement slows.
You feel sick.
You scratch the orc.
The orc is moderately wounded.
The orc hits you with a club.
You closely miss the orc.
The orc is moderately wounded.
You feel sick. The orc hits you with a club.
* * * LOW HITPOINT WARNING * * *
Drink which item? (? for menu, Esc to quit)
Okay, then.
You feel sick.
You see here a dagger of protection.
You feel sick.
Your magical contamination has completely faded away.
You feel sick.
The orc wizard gestures at you while chanting.
The magic dart hits you!
You die...

#.. #.#
######.....
#.#
#..<...#
#.#
#@######
#.# ##.#
#.# ##o.#
#o####..##
#!#....##
#o#.####
####.#)#
#...oo.#
#.##.###


You could see an orc wizard.

Vanquished Creatures
  4 adders
  An ooze (D:2)
  2 worms (D:2)
  A giant gecko (D:2)
  An orc (D:3)
  3 ball pythons
  3 giant cockroaches
  5 hobgoblins
  2 quokkas (D:2)
  4 bats
  A giant newt (D:1)
  7 goblins
  4 kobolds
  5 rats
43 creatures vanquished.

Notes
Turn   | Place    | Note
--------------------------------------------------------------
     0 | D:1      | GeneralIdiocy the Demonspawn Necromancer began the quest for the Orb.
     0 | D:1      | Reached XP level 1. HP: 13/13 MP: 3/3
   184 | D:1      | Found a snail-covered altar of Cheibriados.
   237 | D:1      | Became a worshipper of Cheibriados the Contemplative
   624 | D:1      | Gained mutation: When hurt, damage is shared between your health and your magic reserves. [demonic ancestry]
   624 | D:1      | Reached XP level 2. HP: 15/20 MP: 0/5
  1087 | D:2      | Reached skill level 1 in Fighting
  1087 | D:2      | Reached skill level 5 in Necromancy
  1217 | D:2      | Gained mutation: Scrolls take you a little longer to read. [potion of mutation]
  1217 | D:2      | Gained mutation: You are resistant to hostile enchantments. [potion of mutation]
  1217 | D:2      | Gained mutation: Armour fits poorly on your strangely shaped body. [potion of mutation]
  1224 | D:2      | Reached * piety under Cheibriados
  1319 | D:2      | Gained mutation: You have sharp fingernails. [demonic ancestry]
  1319 | D:2      | Reached XP level 3. HP: 9/26 MP: 3/6
  2687 | D:3      | Gained mutation: You have very sharp fingernails. [demonic ancestry]
  2687 | D:3      | Reached XP level 4. HP: 32/32 MP: 5/7
  2698 | D:3      | Reached skill level 1 in Unarmed Combat
  2705 | D:3      | Reached ** piety under Cheibriados
  2718 | D:3      | Killed from afar by an orc wizard

Action                   |  1- 3 |  4- 6 || total
-------------------------+-------+-------++-------
Melee: Club              |    24 |       ||    24
       Unarmed           |    51 |     8 ||    59
 Cast: Pain              |    46 |     6 ||    52
  Use: Scroll            |     6 |       ||     6
       Potion            |     4 |       ||     4
  Eat: Chunk             |     3 |       ||     3
